AoeStats
← BraniacTr

Black Forest

510170673Analyzed
3v3 RM · 3d ago on Sep 29, 2026· 51m 51s· 6 players
Game mode
Random Map
Map size
Normal (6 player)
Population
200
Speed
Normal
Resources
Standard
Victory
Conquest
Starting age
Dark Age
Ending age
Imperial Age
RankedLock teamsTeams togetherTeam positionsShared explorationLock speedFull tech treeHidden civsTurbo modeCheats
Victory
Defeat
🇨🇭 Mongols · Switzerland
805
+12
🇮🇹 Huns · Italy
755
+14
🇭🇷 Romans · Croatia
626
+19
🇹🇷 Huns · Türkiye
745
-17
🇮🇱 Tatars · Israel
701
-15
🇦🇷 Chinese · Argentina
656
-13
Flanker2020
7:30 Loom
14:21 Feudal Age
14:47 Double-Bit Axe
14:43 Horse Collar
16:15 Gold Mining
18:09 Wheelbarrow
24:39 Castle Age
25:31 Bow Saw
26:55 Stone Mining
27:12 Caravan
28:39 Gold Shaft Mining
32:39 Hand Cart
33:09 Fervor
34:57 Devotion
36:30 Town Watch
41:03 Imperial Age
38:56 Silk Armor
39:06 Heavy Plow
39:10 Fletching
39:20 Padded Archer Armor
40:10 Town Patrol
40:23 Bodkin Arrow
40:38 Scale Barding Armor
40:50 Leather Archer Armor
41:35 Heavy Cavalry Archer
44:30 Bracer
45:02 Ring Archer Armor
BraniacTr
0:31 Loom
12:27 Feudal Age
13:46 Wheelbarrow
13:00 Double-Bit Axe
13:00 Horse Collar
20:36 Castle Age
20:50 Gold Mining
22:25 Bow Saw
22:34 Hand Cart
22:42 Heavy Plow
25:15 Gold Shaft Mining
24:38 Stone Mining
25:17 Caravan
35:59 Imperial Age
35:15 Ballistics
35:07 Masonry
37:44 Two-Man Saw
38:29 Coinage
40:45 Town Watch
41:34 Guilds
41:55 Banking
42:21 Scale Mail Armor
42:21 Padded Archer Armor
42:12 Fletching
42:33 Forging
43:30 Chemistry
42:26 Murder Holes
44:16 Town Patrol
45:03 Conscription
44:40 Pikeman
45:06 Arson
45:21 Squires
45:52 Chain Mail Armor
45:52 Leather Archer Armor
45:33 Bodkin Arrow
46:13 Iron Casting
45:48 Halberdier
48:01 Bracer
49:01 Blast Furnace
Sir Pepe84
0:29 Loom
15:14 Feudal Age
16:31 Wheelbarrow
15:45 Double-Bit Axe
15:41 Horse Collar
16:48 Town Watch
19:32 Stone Mining
20:43 Gold Mining
23:48 Fletching
28:21 Castle Age
27:23 Forging
27:15 Scale Mail Armor
27:16 Padded Archer Armor
27:42 Scale Barding Armor
27:45 Man-at-Arms
28:12 Arson
29:19 Bow Saw
29:11 Heavy Plow
29:54 Gold Shaft Mining
29:13 Crossbowman
29:59 Thumb Ring
31:19 Stone Shaft Mining
31:08 Hand Cart
33:28 Crossbowman
34:42 Bodkin Arrow
37:07 Fortified Wall
37:00 Murder Holes
36:57 Guard Tower
37:13 Great Wall
36:42 Pikeman
37:22 Squires
37:36 Caravan
38:31 Masonry
37:59 Long Swordsman
40:01 Thumb Ring
43:55 Imperial Age
43:39 Iron Casting
43:21 Leather Archer Armor
43:22 Chain Mail Armor
42:31 Light Cavalry
43:22 Bloodlines
43:12 Husbandry
45:02 Bracer
44:50 Halberdier
44:50 Two-Handed Swordsman
47:09 Blast Furnace
46:42 Plate Mail Armor
46:35 Chain Barding Armor
47:50 Ring Archer Armor
47:17 Elite Skirmisher
50:23 Conscription
50:10 Champion
51:27 Plate Barding Armor
50:19 Cavalier
51:35 Heavy Rocket Cart
51:42 Capped Ram
Blobby
1:54 Loom
13:19 Feudal Age
13:51 Double-Bit Axe
13:52 Horse Collar
18:30 Castle Age
19:25 Heavy Plow
19:42 Bow Saw
20:56 Wheelbarrow
24:20 Stone Mining
24:21 Gold Mining
26:24 Hand Cart
27:58 Caravan
31:34 Imperial Age
30:39 Fletching
30:50 Padded Archer Armor
31:58 Ballistics
32:23 Gold Shaft Mining
31:47 Elite Mangudai
32:41 Bloodlines
33:33 Bodkin Arrow
33:53 Leather Archer Armor
33:43 Husbandry
34:11 Parthian Tactics
35:27 Conscription
36:13 Bracer
36:24 Thumb Ring
36:54 Drill
37:25 Nomads
37:33 Onager
38:34 Forging
38:29 Scale Barding Armor
40:39 Chemistry
39:45 Siege Engineers
39:36 Siege Onager
41:30 Capped Ram
43:16 Siege Ram
47:47 Iron Casting
47:33 Chain Barding Armor
46:37 Light Cavalry
Velox_M_B
0:57 Loom
15:26 Feudal Age
16:00 Double-Bit Axe
16:00 Horse Collar
16:14 Gold Mining
23:35 Castle Age
22:04 Stone Mining
23:00 Fletching
23:55 Forging
24:58 Husbandry
26:25 Gold Shaft Mining
26:03 Bow Saw
26:00 Heavy Plow
28:37 Wheelbarrow
31:17 Bodkin Arrow
35:01 Imperial Age
33:53 Iron Casting
35:17 Hand Cart
34:53 Town Watch
35:19 Scale Barding Armor
36:05 Conscription
35:47 Marauders
37:23 Two-Man Saw
37:47 Caravan
38:35 Elite Tarkan
41:18 Blast Furnace
41:47 Ballistics
41:53 Chain Barding Armor
44:14 Thumb Ring
44:15 Padded Archer Armor
44:19 Bracer
47:41 Parthian Tactics
48:10 Heavy Cavalry Archer
50:59 Chemistry
50:38 Plate Barding Armor
50:04 Padded Archer Armor
Lanyco
0:41 Loom
15:18 Feudal Age
16:15 Double-Bit Axe
16:13 Horse Collar
20:26 Gold Mining
20:29 Stone Mining
24:28 Castle Age
26:26 Bow Saw
27:21 Heavy Plow
27:59 Gold Shaft Mining
35:35 Imperial Age
35:30 Scale Barding Armor
35:36 Forging
37:41 Caravan
37:19 Elite Centurion
38:20 Comitatenses
38:39 Iron Casting
38:33 Chain Barding Armor
38:16 Husbandry
40:35 Blast Furnace
41:27 Plate Barding Armor
45:58 Wheelbarrow
45:09 Town Watch
45:41 Bloodlines
Connection lost

Rejoining the realm…

Still unreachable

The connection could not be restored.

Session expired

The server has moved on; the page needs a fresh start.